 Dungeon Crawl Stone Soup version 0.18-a0-1413-g4eaa9ac (webtiles) character file.

328003 4thArraOfDagon the Stickfighter (level 20, 0/171 HPs)
             Began as a Centaur Berserker on Feb 25, 2016.
             Was the Champion of Makhleb.
             Killed from afar by an acid blob (2 damage)
             ... with a splash of acid
             ... created by the Royal Jelly
             ... on level 6 of the Pits of Slime.
             The game lasted 03:03:40 (24597 turns).

4thArraOfDagon the Stickfighter (CeBe)             Turns: 24597, Time: 03:03:40

Health: 0/171      AC: 22    Str: 34    XL:     20   Next: 79%
Magic:  17/21      EV: 16    Int: 20    God:    Makhleb [******]
Gold:   2056       SH:  0    Dex: 18    Spells: 4 memorised, 23 levels left

rFire  + + .     SeeInvis .     U - +11 lajatang of Ywuacw {slice, rF+ rC+ rN+++ MP-9}
rCold  + . .     Gourm    .     T - +6 plate armour of Autumn {Regen+ Str+3}
rNeg   + + +     Faith    .     (shield currently unavailable)
rPois  .         Spirit   .     C - +2 hat of Anarchy {MR+}
rElec  .         Dismiss  .     f - +0 cloak
rCorr  +         Reflect  .     W - +0 pair of gloves
SustAt .         Harm     .     q - +0 centaur barding
MR     ++...                    P - amulet of rage
Stlth  ..........               J - ring of Trog's Righteous Anger {rCorr *Contam Int+8}
                                B - ring "Olumm" {rF+ Str+3 Int+2}

@: mighty, agile, corroded equipment, very slightly contaminated, regenerating,
very quick, very resistant to hostile enchantments, extremely unstealthy
A: claws 1, hooves 3, horns 1, yellow scales 1, blurry vision 1, deformed body,
speed 2, screaming 1, strong 1, tough skin 3
a: Minor Destruction, Lesser Servant of Makhleb, Major Destruction, Greater
Servant of Makhleb, Renounce Religion, Evoke Berserk Rage
}: 2/15 runes: decaying, gossamer


You were on level 6 of the Pits of Slime.
You worshipped Makhleb.
Makhleb was exalted by your worship.
You were very full.

You visited 9 branches of the dungeon, and saw 45 of its levels.
You also visited: Labyrinth, Ossuary and Ice Cave.

You collected 3372 gold pieces.
You spent 1316 gold pieces at shops.

Inventory:

Hand Weapons
 U - the +11 lajatang of Ywuacw (weapon) {slice, rF+ rC+ rN+++ MP-9}
   (You bought it in a shop on level 11 of the Dungeon)

   It inflicts extra damage upon your enemies.
   It protects you from fire.
   It protects you from cold.
   It renders you almost immune to negative energy.
   It affects your magic capacity (-9).
Armour
 b - the +8 chain mail of Least Resistance {rF+}
   (You found it on level 12 of the Dungeon)

   It protects you from fire.
 f - a +0 cloak (worn)
 q - a +0 centaur barding (worn)
 C - the +2 hat of Anarchy (worn) {MR+}
   (You acquired it on level 8 of the Lair of Beasts)

   It affects your resistance to hostile enchantments.
 T - the +6 plate armour of Autumn (worn) {Regen+ Str+3}
   (You took it off a deep elf high priest on level 3 of the Elven Halls)

   It affects your strength (+3).
   It increases your rate of regeneration.
 W - a +0 pair of gloves (worn)
Rods
 H - a +5 lightning rod (12/12)
   (You took it off a deep elf demonologist on level 3 of the Elven Halls)
Jewellery
 B - the ring "Olumm" (left hand) {rF+ Str+3 Int+2}
   (You took it off a deep elf annihilator on level 3 of the Elven Halls)

   [ring of strength]

   It affects your strength (+3).
   It affects your intelligence (+2).
   It protects you from fire.
 I - an uncursed ring of poison resistance
 J - the ring of Trog's Righteous Anger (right hand) {rCorr *Contam Int+8}
   (You bought it in a shop on level 2 of the Vaults)

   [ring of resist corrosion]

   It affects your intelligence (+8).
   It causes magical contamination when unequipped.
 K - an uncursed ring of see invisible
 L - an uncursed ring of protection from cold
 M - an uncursed ring of protection from magic
 P - an amulet of rage (around neck)
Wands
 d - a wand of disintegration (11/24)
 e - a wand of hasting (3/9)
 m - a wand of digging (5/24)
 y - a wand of iceblast (5/15)
 X - a wand of disintegration (8/24)
Scrolls
 j - a scroll of magic mapping
 l - 2 scrolls of torment
 n - 2 scrolls of blinking
 r - a scroll of amnesia
 t - 16 scrolls of remove curse
 v - 3 scrolls of recharging
 x - 2 scrolls of immolation
 A - 2 scrolls of fog
 F - a scroll of teleportation
 N - a scroll of silence
 Q - 5 scrolls of fear
 Y - 9 scrolls of enchant armour
Potions
 a - a potion of cure mutation
 i - 3 potions of berserk rage
 k - 2 potions of brilliance
 o - 3 potions of might
 u - a potion of curing
 w - 8 potions of ambrosia
 R - 4 potions of flight
 S - a potion of magic
 Z - 3 potions of resistance
Miscellaneous
 z - a fan of gales
 D - a sack of spiders {used: 3}
 G - a plain deck of summoning {the Pentagram, drawn: 1}
 O - a lamp of fire (inert)
Comestibles
 c - 20 bread rations
 g - 4 fruits
 E - 11 meat rations


   Skills:
 + Level 13.1 Fighting
   Level 10.1 Long Blades
 - Level 19.0 Staves
 + Level 14.6 Armour
 - Level 10.2 Dodging
 - Level 7.3 Spellcasting
 - Level 3.3 Hexes
 - Level 5.9 Charms
 - Level 6.6 Necromancy
 - Level 10.1 Invocations
 - Level 8.5 Evocations


You had 23 spell levels left.
You knew the following spells:

 Your Spells              Type           Power        Failure   Level  Hunger
a - Regeneration          Chrm/Necr      ####......   12%         3    #......
b - Spectral Weapon       Hex/Chrm       ####....     21%         3    #......
c - Song of Slaying       Chrm           ####....     8%          2    None
d - Cure Poison           Pois           #.........   73%         2    None


Dungeon Overview and Level Annotations

Branches:
Dungeon (15/15)            Temple (1/1) D:4            Lair (8/8) D:11
  Swamp (4/4) Lair:4       Spider (4/4) Lair:5        Slime (6/6) Lair:6
    Orc (2/2) D:9             Elf (3/3) Orc:2        Vaults (2/5) D:13
 Depths (0/5) D:15
  Crypt: Vaults:2-3

Altars:
Elyvilon
Fedhas
Gozag
Kikubaaqudgha
Makhleb
Pakellas
Qazlal
Sif Muna
Trog
Vehumet
Xom
Yredelemnul
Zin
The Shining One
Beogh
Jiyva

Shops:
D:5 (   D:11 (   D:12 (   Orc:2 (=[*   Elf:1 [   Elf:3 *   Vaults:1 [
Vaults:2 =

Annotations:
D:4 TEMPLE
Lair:2 exclusion: upstairs
Spider:3 exclusion: Roxanne, Roxanne
Slime:6 Royal Jelly
Vaults:2 Frances, Wiglaf


Innate Abilities, Weirdness & Mutations

You have hooves in place of feet.
Armour fits poorly on your strangely shaped body.
You cover ground very quickly.
You have extremely tough skin (AC +3).
You have sharp fingernails.
You have a pair of small horns on your head.
You are partially covered in yellow scales (AC +2).
Scrolls take you a little longer to read.
You occasionally shout uncontrollably at your foes.
Your muscles are strong. (Str +2)


Message History

The Royal Jelly hits your fire elemental!!!
Your fire elemental is destroyed!
The acid blob is engulfed in roaring flames.
The eye of devastation gazes at you. The bolt of energy hits you!
* * * LOW HITPOINT WARNING * * *
The slime covered rock wall explodes into countless fragments.
Blink to where?
Press: ? - help, Dir - move target cursor, p - acid blob
As you read the scroll of blinking, it crumbles to dust. 5 slime creatures come into view.
You shout at the slime creature!
Unknown command.
Your surroundings suddenly seem different.
A jelly comes into view.
The jelly quivers.
The slime creature quivers. x2
The slime creature closely misses you. The acid blob spits acid at you.
The splash of acid hits you! You resist.
You die...

#... ...## ###... ..............#
#. #..... ..............## #..
###..... ...............###
#.####......J
.................####............
....................J............
...............................JJ
............JJJJ@..............J.
...............J........§§§...JJ.
.#.............JJ..........§§....
#.#.........JJ........J......JJ..
#..................J.J.§§..§.J..
####...............J......§§..J.
###........G.....JJ....§§....
.#.....J.....J.....§JJ.....
####..................§....


You could see the Royal Jelly (inner flame), 6 acid blobs, an azure jelly (inner
flame), 9 slime creatures, an eye of devastation and a jelly.

Vanquished Creatures
  Mara (Swamp:4)
  Saint Roka (Orc:2)
  A tentacled monstrosity (Swamp:4)
  3 deep elf blademasters
  2 deep elf master archers (Elf:3)
  19 acid blobs
  2 sphinxes
  2 thorn hunters
  Agnes (Elf:1)
  2 ancient champions (Vaults:2)
  8 deep elf sorcerers
  6 azure jellies
  4 ghost moths (Spider:4)
  5 vault wardens
  A frost giant (Vaults:1)
  Aizul (Elf:1)
  3 emperor scorpions
  The ghost of MordorOrchid the Spry, a journeyman SpEE of Sif Muna (Swamp:2)
  6 very ugly things
  5 ironheart preservers
  A spriggan defender (Vaults:2)
  3 deep elf elementalists (Elf:3)
  5 stone giants
  The ghost of Azzok the Prestidigitator, a journeyman DDFi of Makhleb (Lair:2)
  8 deep elf demonologists (Elf:3)
  Nessos (D:13)
  8 deep elf annihilators
  2 spark wasps (Spider:4)
  Azrael (D:14)
  7 dire elephants
  The ghost of Kidiri the Thaumaturge, a journeyman DEFE of Vehumet (Lair:7)
  2 green deaths (Swamp:4)
  6 vault guards
  6 deep elf death magi (Elf:3)
  A death ooze (Slime:6)
  4 great orbs of eyes
  Josephine (D:12)
  3 yaktaur captains (Vaults:1)
  3 deep elf high priests (Elf:3)
  Fannar (D:11)
  7 hydras
  2 entropy weavers
  A rakshasa (Vaults:1)
  A death knight (D:13)
  An anaconda (Lair:8)
  8 centaur warriors
  11 death yaks (Lair:6)
  8 dancing weapons
  A ghost crab (Swamp:2)
  An alligator (Swamp:2)
  An ogre mage (Vaults:1)
  2 orc high priests
  The ghost of Ijustatesigmund the Changer, a novice OpTm of Cheibriados (D:9)
  A hell knight (Vaults:2)
  4 spriggans
  3 fire crabs
  20 deep elf knights
  A wizard (Vaults:1)
  An iron troll (Slime:2)
  8 skeletal warriors
  A spark wasp zombie (D:15)
  An unseen horror (D:13)
  2 deep trolls
  A giant orange brain (Slime:6)
  3 spriggan druids
  Pikel (D:6)
  12 swamp dragons
  4 ironbrand convokers
  The ghost of dvd the Thaumaturge, a novice DEFE of Vehumet (D:7)
  12 hill giants
  4 shambling mangroves
  3 large abominations
  17 deep elf archers
  A necromancer (IceCv)
  11 orb spiders
  2 hornets
  A harpy (Vaults:1)
  4 orc sorcerers
  4 cyclopes
  61 deep elf magi
  A griffon (Vaults:1)
  7 orc knights
  20 wolf spiders
  3 shining eyes
  22 ugly things
  A salamander (shapeshifter) (Vaults:1)
  4 moths of wrath
  2 vault sentinels
  A black mamba (shapeshifter) (Vaults:1)
  2 orange demons (Swamp:4)
  An ice statue (IceCv)
  An eye of devastation (Slime:6)
  4 black mambas
  25 elephants
  A torpor snail (Spider:2)
  A rime drake (shapeshifter) (D:13)
  3 rime drakes
  5 komodo dragons
  15 spiny frogs
  A gargoyle (D:13)
  A komodo dragon (shapeshifter) (Vaults:2)
  A kobold demonologist (D:15)
  13 freezing wraiths
  12 demonic crawlers
  8 yaktaurs
  A tengu conjurer (D:14)
  A jumping spider (shapeshifter) (Vaults:1)
  4 polar bears
  4 two-headed ogres
  23 jumping spiders
  8 trolls
  A boulder beetle (Spider:3)
  8 bog bodies
  A wolf spider simulacrum (IceCv)
  33 blink frogs
  94 slime creatures
  24 redbacks
  Sigmund (D:6)
  7 shadows
  4 wyverns
  A hill giant zombie (D:9)
  20 tarantellas
  63 yaks
  2 air elementals (Elf:1)
  5 fire elementals
  A human (D:9)
  7 wraiths
  2 hogs (D:9)
  2 water elementals
  A vampire (D:12)
  Grum (D:9)
  8 golden eyes
  9 vampire mosquitoes
  A death yak simulacrum (IceCv)
  2 hungry ghosts (D:9)
  6 hippogriffs
  5 insubstantial wisps (Swamp:3)
  2 basilisks
  4 wargs
  19 wolves
  A small abomination (Swamp:4)
  A soldier ant (D:12)
  13 swamp worms
  15 water moccasins
  6 hell hounds
  Duvessa (D:5)
  32 orc warriors
  8 black bears
  3 swamp drakes
  13 ice beasts
  4 phantoms
  A sky beast (D:15)
  16 porcupines
  14 wasps
  An alligator simulacrum (IceCv)
  4 eyes of draining
  16 ogres
  An eye of draining (shapeshifter) (Vaults:2)
  8 centaurs
  11 crocodiles
  Blork the orc (Orc:2)
  19 giant frogs
  A gnoll sergeant (D:11)
  Dowan (D:5)
  An earth elemental (Elf:1)
  5 scorpions
  A troll zombie (D:9)
  A swamp dragon simulacrum (IceCv)
  17 wights
  2 human simulacra (Vaults:1)
  4 killer bees
  2 electric eels
  4 howler monkeys
  6 crimson imps
  17 jellies
  4 centaur zombies
  5 hounds
  A quasit (D:14)
  2 draconian simulacra (IceCv)
  2 giant frog zombies (D:11)
  12 orc priests
  A human zombie (Ossuary)
  22 orc wizards
  5 centaur skeletons
  3 giant frog skeletons
  5 iguanas
  6 worker ants
  Natasha (D:3)
  A hell rat (D:9)
  6 troll simulacra (IceCv)
  2 spriggan simulacra (IceCv)
  21 sheep
  3 centaur simulacra (IceCv)
  5 ogre zombies (D:9)
  A hound skeleton (D:4)
  4 mummies (Ossuary)
  A worker ant zombie (D:7)
  6 gnolls (D:8)
  A howler monkey skeleton (D:6)
  4 naga simulacra (IceCv)
  7 adders
  3 ogre simulacra (IceCv)
  26 river rats
  A shadow imp (D:15)
  12 white imps (IceCv)
  A giant gecko (D:4)
  64 orcs
  A ball python (D:6)
  4 bats
  2 giant cockroaches
  3 gnoll zombies (Ossuary)
  3 hobgoblins
  11 jackals
  3 quokkas
  3 giant newts
  5 goblin skeletons (D:9)
  2 goblin zombies
  2 hobgoblin skeletons (D:9)
  A jackal skeleton (D:5)
  4 kobolds
  A kobold zombie (Ossuary)
  2 orc skeletons (D:9)
  14 orc zombies
  A quokka zombie (D:5)
  2 rats
  A briar patch (Swamp:3)
  2 crawling corpses (Elf:3)
  5 plants (Lair:8)
1459 creatures vanquished.

Vanquished Creatures (collateral kills)
  A deep elf elementalist (Elf:1)
  An ironheart preserver (Vaults:1)
  A vault guard (Vaults:1)
  An entropy weaver (Spider:3)
  A deep elf mage (Elf:1)
  2 ugly things (Vaults:1)
  A shining eye (Slime:1)
  A komodo dragon (Lair:7)
  A demonic crawler (Spider:3)
  A polar bear (Slime:2)
  8 slime creatures
  A blink frog (Lair:7)
  3 yaks (Lair:2)
  A hippogriff (Lair:2)
  A giant frog (Lair:2)
25 creatures vanquished.

Vanquished Creatures (others)
  A shambling mangrove (Swamp:3)
  A cyclops (Vaults:1)
  A hippogriff (Lair:8)
  A quokka (D:6)
  2 fungi
  6 plants
  6 spectral weapons
18 creatures vanquished.

Grand Total: 1502 creatures vanquished

Notes
Turn   | Place    | Note
--------------------------------------------------------------
     0 | D:1      | 4thArraOfDagon the Centaur Berserker began the quest for the Orb.
     0 | D:1      | Reached XP level 1. HP: 19/19 MP: 1/1
   249 | D:2      | Reached XP level 2. HP: 26/26 MP: 2/2
   507 | D:3      | Noticed Natasha
   511 | D:3      | Killed Natasha
   511 | D:3      | Reached XP level 3. HP: 31/31 MP: 3/3
   542 | D:3      | Found a shimmering altar of Xom.
   644 | D:4      | Reached XP level 4. HP: 31/39 MP: 4/4
   691 | D:5      | Entered Level 5 of the Dungeon
   712 | D:4      | Reached ** piety under Trog
   797 | D:5      | Found Ytiom's Antique Weapon Shoppe.
   805 | D:5      | Reached XP level 5. HP: 40/46 MP: 5/5
   849 | D:5      | Found an opulent altar of Gozag.
   855 | D:5      | Noticed Dowan
   857 | D:5      | Noticed Duvessa
   864 | D:5      | Killed Duvessa
   865 | D:5      | Killed Dowan
   865 | D:5      | Reached XP level 6. HP: 52/52 MP: 6/6
   885 | D:5      | Found a sand-covered staircase.
   898 | Ossuary  | Entered an ossuary
  1137 | D:5      | Reached skill level 5 in Long Blades
  1137 | D:5      | Reached XP level 7. HP: 44/60 MP: 7/7
  1443 | D:6      | Reached skill level 5 in Fighting
  1501 | D:7      | Noticed dvd's ghost (novice DEFE)
  1694 | D:7      | Found a basalt altar of Yredelemnul.
  1705 | D:7      | Reached XP level 8. HP: 49/68 MP: 8/8
  1812 | D:7      | Found a white marble altar of Elyvilon.
  1914 | D:6      | Noticed Pikel
  1925 | D:6      | Killed Pikel
  1996 | D:6      | Noticed Sigmund
  2088 | D:8      | Reached *** piety under Trog
  2125 | D:8      | Reached XP level 9. HP: 62/77 MP: 9/9
  2235 | D:9      | Noticed Ijustatesigmund's ghost (novice OpTm)
  2473 | D:9      | Noticed Grum
  2507 | D:9      | Killed Grum
  2515 | D:9      | Reached skill level 5 in Dodging
  2735 | D:9      | Reached skill level 5 in Armour
  2790 | D:10     | Entered Level 10 of the Dungeon
  2858 | D:11     | Reached XP level 10. HP: 86/86 MP: 10/10
  2906 | D:11     | Noticed a centaur warrior
  2922 | D:11     | Killed a centaur warrior
  3084 | D:11     | Found a labyrinth entrance.
  3187 | D:11     | Noticed Fannar
  3196 | Lab      | Entered a labyrinth
  3212 | Lab      | Found an exit through the horrors of the Abyss.
  3351 | Lab      | Noticed a minotaur
  3432 | Lab      | meh
  3505 | D:11     | Killed Fannar
  3505 | D:11     | Reached skill level 1 in Evocations
  3600 | D:11     | Found Tocigaj's Antique Weapon Emporium.
  3632 | D:11     | Reached skill level 10 in Long Blades
  3634 | D:11     | Found a staircase to the Lair.
  3639 | D:11     | Noticed a hill giant
  3656 | D:11     | Killed a hill giant
  3656 | D:11     | Reached XP level 11. HP: 95/95 MP: 12/12
  3722 | D:11     | Noticed a purple ugly thing
  3856 | D:12     | Noticed a six-headed hydra
  3968 | D:10     | Noticed a hill giant
  3972 | D:10     | Killed a hill giant
  4080 | D:12     | Found Finizi Nueg's Weapon Shop.
  4390 | D:13     | Noticed a hill giant
  4395 | D:13     | Killed a hill giant
  4410 | D:12     | Noticed a six-headed hydra
  4498 | D:11     | Bought a twisted lajatang for 420 gold pieces
  4498 | D:11     | Identified the +11 lajatang of Ywuacw {slice, rF+ rC+ rN+++ MP-9} (You bought it in a shop on level 11 of the Dungeon)
  4499 | D:11     | wow
  4672 | D:10     | Reached skill level 1 in Staves
  4733 | D:10     | Found a bloodstained altar of Trog.
  4830 | D:9      | Reached skill level 2 in Staves
  4842 | D:9      | Killed Ijustatesigmund's ghost
  4877 | D:9      | Found a staircase to the Orcish Mines.
  4938 | D:8      | Reached skill level 3 in Staves
  5019 | D:7      | Found an ancient bone altar of Kikubaaqudgha.
  5020 | D:7      | Found a blossoming altar of Fedhas.
  5070 | D:6      | Reached **** piety under Trog
  5160 | D:6      | Killed Sigmund
  5382 | Orc:1    | Entered Level 1 of the Orcish Mines
  5560 | Orc:1    | Found a roughly hewn altar of Beogh.
  5596 | Orc:1    | Reached skill level 4 in Staves
  5609 | Orc:1    | Reached XP level 12. HP: 62/104 MP: 6/15
  6058 | Orc:2    | Entered Level 2 of the Orcish Mines
  6120 | Orc:2    | Reached skill level 5 in Staves
  6228 | Orc:2    | Found a frozen archway.
  6238 | IceCv    | Entered an ice cave
  6379 | IceCv    | Reached skill level 6 in Staves
  6536 | IceCv    | Found an ancient bone altar of Kikubaaqudgha.
  6546 | IceCv    | Reached skill level 7 in Staves
  6918 | Orc:2    | Turgon: What! +11 laja that early in the game
  6965 | Orc:2    | 4thArraOfDagon: best laja i've seen in ages
  6971 | Orc:2    | Found a staircase to the Elven Halls.
  6994 | Orc:2    | Turgon: Shop in D:11
  6994 | Orc:2    | Ratboiler: wow really nice
  6994 | Orc:2    | Turgon: What was the price?
  6994 | Orc:2    | 4thArraOfDagon: around 300gp
  6994 | Orc:2    | Turgon: hahahaha
  6994 | Orc:2    | 4thArraOfDagon: unidentified
  6994 | Orc:2    | Turgon: ok
  6994 | Orc:2    | Turgon: antique shop
  7086 | Orc:2    | Turgon: Well, AC 15 and EV 8 hurts ofc
  7088 | Orc:2    | Noticed Blork the orc
  7088 | Orc:2    | Noticed an orc high priest
  7107 | Orc:2    | Reached skill level 8 in Staves
  7112 | Orc:2    | Killed an orc high priest
  7120 | Orc:2    | Killed Blork the orc
  7245 | Orc:2    | Noticed Saint Roka
  7277 | Orc:2    | Killed Saint Roka
  7277 | Orc:2    | Reached skill level 9 in Staves
  7277 | Orc:2    | Reached XP level 13. HP: 71/111 MP: 7/16
  7431 | Orc:2    | Found a roughly hewn altar of Beogh.
  7535 | Orc:2    | Found Bomodgh's General Store.
  7550 | Orc:2    | Found Pun Palu's Jewellery Boutique.
  7553 | Orc:2    | Found Olagh's Antique Armour Boutique.
  7569 | Orc:2    | Found Taobbud's Antique Weapon Boutique.
  7609 | Orc:2    | Bought a scroll of blinking for 97 gold pieces
  7609 | Orc:2    | Bought a potion of flight for 39 gold pieces
  7609 | Orc:2    | Bought a potion of flight for 39 gold pieces
  7758 | Elf:1    | Entered Level 1 of the Elven Halls
  7774 | Elf:1    | Reached skill level 10 in Staves
  7902 | Orc:2    | HP: 3/166 [flail of protection (8)]
  8071 | D:12     | Got a heavily runed chain mail
  8083 | D:12     | Noticed Josephine
  8161 | D:13     | Found a deep blue altar of Sif Muna.
  8172 | D:13     | Identified the +8 chain mail of Least Resistance {rF+} (You found it on level 12 of the Dungeon)
  8247 | D:13     | Reached skill level 11 in Staves
  8303 | D:14     | Found an opulent altar of Gozag.
  8353 | D:14     | Noticed Azrael
  8395 | D:14     | Killed Azrael
  8648 | D:13     | Identified a scroll of acquirement
  8745 | D:13     | Reached XP level 14. HP: 86/118 MP: 8/17
  8755 | D:13     | Reached skill level 12 in Staves
  8781 | D:13     | Noticed Nessos
  8825 | D:13     | Killed Nessos
  8825 | D:13     | Reached skill level 10 in Armour
  8846 | D:13     | Found a gate to the Vaults.
  8920 | D:15     | Entered Level 15 of the Dungeon
  9078 | D:15     | Got an encrusted leather armour
  9258 | D:15     | Found a staircase to the Depths.
  9441 | D:13     | Identified the cursed +0 leather armour "Zymeoruekir" {Stlth+} (You found it on level 15 of the Dungeon)
  9611 | D:12     | Killed Josephine
  9899 | Lair:1   | Entered Level 1 of the Lair of Beasts
  9924 | Lair:1   | Reached skill level 13 in Staves
 10233 | Lair:2   | Noticed Azzok's ghost (journeyman DDFi)
 10246 | Lair:2   | Killed Azzok's ghost
 10428 | Lair:3   | You fall through a shaft for 3 floors!
 10713 | Lair:5   | Reached skill level 14 in Staves
 10758 | Lair:5   | Turgon: Hi, AC 30, what's this?
 10781 | Lair:6   | 4thArraOfDagon: +8chain
 10781 | Lair:6   | 4thArraOfDagon: and barding:D
 10781 | Lair:6   | Turgon: wow
 10781 | Lair:6   | Turgon: nice
 10855 | Lair:7   | Turgon: RNG is obviously on your side in this game
 10870 | Lair:7   | Reached ***** piety under Trog
 10970 | Lair:7   | Reached XP level 15. HP: 124/124 MP: 9/18
 11078 | Lair:7   | Received a gift from Trog
 11103 | Lair:7   | Noticed Kidiri's ghost (journeyman DEFE)
 11103 | Lair:7   | Turgon: rime drake?!?
 11103 | Lair:7   | 4thArraOfDagon: yeah
 11103 | Lair:7   | 4thArraOfDagon: flash freeze
 11135 | Lair:7   | Killed Kidiri's ghost
 11164 | Lair:6   | Found a runed door.
 11164 | Lair:6   | Found a viscous altar of Jiyva.
 11165 | Lair:6   | Found a staircase to the Slime Pits.
 11303 | Lair:6   | 4thArraOfDagon: lagggy
 11303 | Lair:6   | 4thArraOfDagon: as hell
 11370 | Lair:6   | Reached skill level 15 in Staves
 11453 | Lair:5   | Found a hole to the Spider Nest.
 11494 | Lair:5   | 4thArraOfDagon: whats quicksilvers gdr
 11496 | Lair:5   | Turgon: ... looking...
 11646 | Lair:3   | Turgon: http://crawl.chaosforge.org/Quicksilver_dragon_armour
 11657 | Lair:3   | Turgon: 39% GDR
 11676 | Lair:4   | Turgon: Are you sure this is better than +8 chain??
 11722 | Lair:4   | Received a gift from Trog
 11757 | Lair:4   | 4thArraOfDagon: naa
 11757 | Lair:4   | Turgon: AC 30 vs 23
 11794 | Lair:5   | 4thArraOfDagon: was just looking for the opportunity to regen while re-armouring :)
 11832 | Lair:5   | 4thArraOfDagon: old habits :S
 11980 | Lair:7   | Turgon: You sometimes see players with > 100 k turns apporting the rune, probably for saving turns...
 11989 | Lair:7   | 4thArraOfDagon: :)
 11989 | Lair:7   | 4thArraOfDagon: or probably because they are still not powerful to fight the boss
 11989 | Lair:7   | 4thArraOfDagon: after maxing out half of the skills
 11989 | Lair:7   | 4thArraOfDagon: ...
 11989 | Lair:7   | 4thArraOfDagon: sometimes i don't get it
 11991 | Lair:7   | Turgon: no, killing hell boss and *then* apporting rune, saving 3 turns
 12016 | Lair:8   | Entered Level 8 of the Lair of Beasts
 12046 | Lair:8   | 4thArraOfDagon: :)
 12081 | Lair:8   | 4thArraOfDagon: this is indeed amusing approach
 12314 | Lair:8   | Turgon: hoho
 12320 | Lair:8   | Turgon: manual staves
 12360 | Lair:8   | Identified the Handbook of Summoning (You found it on level 8 of the Lair of Beasts)
 12682 | Lair:8   | Reached skill level 16 in Staves
 12689 | Lair:8   | Turgon: scroll acqu above
 12748 | Lair:8   | Got a bloodstained hat
 12749 | Lair:8   | Identified the +2 hat of Anarchy {MR+} (You acquired it on level 8 of the Lair of Beasts)
 12922 | Spider:1 | Entered Level 1 of the Spider Nest
 13286 | Spider:3 | Reached XP level 16. HP: 132/132 MP: 10/19
 13347 | Spider:3 | Reached skill level 17 in Staves
 13454 | Spider:3 | Noticed Roxanne
 13701 | Spider:3 | Gained mutation: Scrolls take you a little longer to read. [potion of mutation]
 13701 | Spider:3 | Gained mutation: You are partially covered in yellow scales (AC +2). [potion of mutation]
 13701 | Spider:3 | Gained mutation: You have sharp fingernails. [potion of mutation]
 13818 | Spider:4 | Entered Level 4 of the Spider Nest
 13844 | Spider:4 | Reached skill level 18 in Staves
 14310 | Spider:4 | Reached skill level 19 in Staves
 14560 | Spider:4 | Got a gossamer rune of Zot
 14623 | Spider:4 | Reached skill level 10 in Fighting
 14802 | Spider:1 | Reached skill level 5 in Evocations
 15150 | Lair:5   | Turgon: swamp or shoals?
 15174 | Lair:4   | 4thArraOfDagon: idk
 15187 | Lair:4   | Turgon: mhmm
 15233 | Lair:4   | Dirian: what ? since when is there a list of rune we have ?
 15239 | Lair:4   | Turgon: I say Shoals
 15261 | Lair:4   | Turgon: Dirian: new in trunk
 15264 | Lair:4   | Received a gift from Trog
 15280 | Lair:4   | Dirian: oh ok
 15284 | Lair:4   | Dirian: good :)
 15402 | Lair:3   | 4thArraOfDagon: dirian?
 15402 | Lair:3   | 4thArraOfDagon: ahh
 15402 | Lair:3   | Dirian: btw, i know he's playing trnuk, by i have not really play since 0.15
 15402 | Lair:3   | 4thArraOfDagon: i thought dirian is new enemy :)
 15402 | Lair:3   | Dirian: but*
 15402 | Lair:3   | Dirian: XD
 15402 | Lair:3   | 4thArraOfDagon: Turgon: Dirian: new in trunk
 15402 | Lair:3   | Dirian: i left some ghost recently :p
 15402 | Lair:3   | 4thArraOfDagon: i will avenge you then
 15402 | Lair:3   | 4thArraOfDagon: where did you die
 15442 | Lair:4   | Dirian: Pan
 15493 | Lair:4   | Found a staircase to the Swamp.
 15502 | Swamp:1  | Entered Level 1 of the Swamp
 15537 | Swamp:1  | Turgon: Oh, swamp. I had 50% chance.
 15631 | Swamp:1  | Turgon: No interest in swamp DH?
 15689 | Swamp:1  | Turgon: Has always been my favourite armour
 15731 | Swamp:1  | Turgon: except when I played octopodes :-|
 15828 | Swamp:2  | Reached XP level 17. HP: 130/141 MP: 12/21
 16002 | Swamp:3  | Turgon: What? 3 walking trees?
 16013 | Swamp:3  | Turgon: 1 is usually hard
 16013 | Swamp:3  | 4thArraOfDagon: some unique vault probably
 16015 | Swamp:3  | Got a smelly plate armour
 16050 | Swamp:3  | Identified the +1 plate armour of Midwinter {MR+} (You found it on level 3 of the Swamp)
 16050 | Swamp:3  | 4thArraOfDagon: probably
 16050 | Swamp:3  | 4thArraOfDagon: Hydrophobic Gardens
 16240 | Swamp:2  | Turgon: Mangroves are so dangerous!
 16526 | Swamp:4  | Entered Level 4 of the Swamp
 16619 | Swamp:4  | Turgon: Hellish swamp
 16893 | Swamp:4  | Noticed a tentacled monstrosity
 16905 | Swamp:4  | Killed a tentacled monstrosity
 17004 | Swamp:4  | Got a decaying rune of Zot
 17052 | Swamp:4  | Noticed Mara
 17060 | Swamp:4  | Turgon: 14 k, can be < 35 k game imo
 17062 | Swamp:4  | Noticed 4thArraOfDagon's illusion
 17071 | Swamp:4  | Killed Mara
 17108 | Swamp:4  | Received a gift from Trog
 17146 | Swamp:3  | Gained mutation: You are weak. (Str -2) [potion of mutation]
 17146 | Swamp:3  | Lost mutation: You are weak. (Str -2) [potion of mutation]
 17146 | Swamp:3  | Gained mutation: Your muscles are strong. (Str +2) [potion of mutation]
 17179 | Swamp:2  | 4thArraOfDagon: this will be very hard
 17183 | Swamp:2  | Noticed MordorOrchid's ghost (journeyman SpEE)
 17201 | Swamp:2  | Killed MordorOrchid's ghost
 17280 | Lair:4   | 4thArraOfDagon: taking makhleb now
 17312 | Lair:3   | Turgon: yes, I know
 17312 | Lair:3   | Turgon: no tele ring
 17736 | D:4      | Found a staircase to the Ecumenical Temple.
 17745 | Temple   | Entered the Ecumenical Temple
 17804 | Temple   | Fell from the grace of Trog
 17804 | Temple   | Became a worshipper of Makhleb the Destroyer
 17860 | Temple   | Learned a level 3 spell: Regeneration
 17864 | Temple   | Learned a level 3 spell: Spectral Weapon
 17867 | Temple   | Learned a level 2 spell: Song of Slaying
 17871 | Temple   | Learned a level 2 spell: Cure Poison
 17974 | D:7      | Killed dvd's ghost
 18240 | Vaults:1 | Entered Level 1 of the Vaults
 18292 | Vaults:1 | Reached skill level 10 in Dodging
 18296 | Vaults:1 | Reached skill level 1 in Spellcasting
 18355 | Vaults:1 | Reached * piety under Makhleb
 18395 | Vaults:1 | Reached XP level 18. HP: 133/154 MP: 15/24
 18515 | Vaults:1 | Reached ** piety under Makhleb
 18804 | Vaults:1 | Reached skill level 1 in Charms
 18810 | Vaults:1 | Found Okkeu's Antique Armour Boutique.
 18840 | Vaults:1 | Reached skill level 1 in Necromancy
 18860 | Vaults:1 | Reached *** piety under Makhleb
 19243 | Vaults:1 | Reached **** piety under Makhleb
 19508 | Vaults:2 | Reached skill level 5 in Spellcasting
 19603 | Vaults:2 | Found Wurpheq's Jewellery Shop.
 19673 | Vaults:2 | Bought the ring of Trog's Righteous Anger {rCorr *Contam Int+8} for 687 gold pieces
 19708 | Vaults:2 | Paralysed by a sphinx for 5 turns
 19899 | Vaults:2 | Noticed Frances
 19899 | Vaults:2 | Noticed Wiglaf
 19944 | Vaults:2 | Reached skill level 5 in Necromancy
 20034 | Vaults:1 | BLOAX: the +11 lajatang of amazing
 20042 | Vaults:1 | BLOAX: we meet again
 20303 | Elf:1    | Reached ***** piety under Makhleb
 20303 | Elf:1    | Reached skill level 1 in Hexes
 20348 | Elf:1    | 4thArraOfDagon: yea
 20348 | Elf:1    | 4thArraOfDagon: obviously those things spawn in shops when you worship trog
 20389 | Elf:1    | BLOAX: obviously
 20394 | Elf:1    | BLOAX: where else would they come forom
 20403 | Elf:1    | BLOAX: trog doesn't give out artifacts ever
 20421 | Elf:1    | BLOAX: no
 20425 | Elf:1    | Reached XP level 19. HP: 130/160 MP: 8/27
 20430 | Elf:1    | BLOAX: have 3430 antimagic weapons instead
 20434 | Elf:1    | BLOAX: that'll help
 20454 | Elf:1    | Reached skill level 5 in Charms
 20476 | Elf:1    | 4thArraOfDagon: d:11 shop
 20476 | Elf:1    | 4thArraOfDagon: 400gp
 20627 | Elf:1    | Noticed Agnes
 20646 | Elf:1    | Killed Agnes
 20742 | Elf:1    | Found Vige's Antique Armour Boutique.
 20771 | Elf:1    | Noticed Aizul
 20783 | Elf:1    | Killed Aizul
 20940 | Elf:1    | Found a radiant altar of Vehumet.
 21160 | Elf:2    | Found a runed gate.
 21160 | Elf:2    | Found a runed gate.
 21161 | Elf:2    | Found a runed gate.
 21270 | Elf:2    | ::)
 21309 | Elf:2    | Reached skill level 1 in Invocations
 21370 | Elf:3    | Entered Level 3 of the Elven Halls
 21618 | Elf:3    | Found Jufaj's General Store.
 21681 | Elf:3    | Bought a scroll of identify for 34 gold pieces
 21757 | Elf:3    | Reached ****** piety under Makhleb
 21866 | Elf:3    | Reached skill level 5 in Invocations
 21987 | Elf:3    | Got a flickering brass ring
 21990 | Elf:3    | Identified the ring "Olumm" {rF+ Str+3 Int+2} (You took it off a deep elf annihilator on level 3 of the Elven Halls)
 22103 | Elf:3    | Reached XP level 20. HP: 147/168 MP: 16/30
 22136 | Elf:3    | Got a brightly glowing scale mail
 22149 | Elf:3    | Identified the +2 scale mail of the Hare {rPois rN+} (You took it off a deep elf master archer on level 3 of the Elven Halls)
 22221 | Elf:3    | Identified the Handbook of Fiery Evil
 22225 | Elf:3    | Got an encrusted plate armour
 22233 | Elf:3    | Identified Sif Muna's Handbook of the Volcanoes and Confrontation (You found it on level 3 of the Elven Halls)
 22442 | Elf:2    | Identified the +6 plate armour of Autumn {Regen+ Str+3} (You took it off a deep elf high priest on level 3 of the Elven Halls)
 22442 | Elf:2    | $$$
 22664 | Lair:1   | You fall through a shaft!
 22872 | Slime:1  | Entered Level 1 of the Pits of Slime
 22875 | Slime:1  | Gained mutation: You occasionally shout uncontrollably at your foes. [a shining eye]
 23965 | Slime:4  | Reached skill level 10 in Invocations
 24383 | Slime:6  | Entered Level 6 of the Pits of Slime
 24414 | Slime:6  | Gained mutation: You have a pair of small horns on your head. [a shining eye]
 24537 | Slime:6  | Noticed the Royal Jelly
 24584 | Slime:6  | BLOAX: joy
 24596 | Slime:6  | HP: 1/171 [disintegration (24)]
 24597 | Slime:6  | Killed from afar by an acid blob

Vault maps used:
D:1:      zaba_arrival_water
D:2:      marbit_many_paths, nicolae_overflow_crystal_walls
D:3:      xom_butterflies, ecumenical_altar_2, uniq_natasha
D:4:      minmay_temple_entry_butterflies, first_bread, minmay_misc_feat_tiny,
          ldierk_geyser
D:5:      nicolae_ossuary_entry_plus, serial_shops, kennysheep_mini,
          nicolae_gozag_cash_rules_everything_around_me, uniq_duvessa
D:6:      dk_vineyard_1, uniq_sigmund, uniq_pikel
D:7:      grunt_temple_overflow_growth_and_decay, lemuel_blue_sif_altar,
          overflow_temple_1_default, elyvilon_altar_5, minmay_misc_feat_five
D:8:      uniq_maurice
D:9:      zombieorc2_lemuel, grunt_livestock, uniq_grum
D:10:     lemuel_statue_altar
D:11:     minmay_lair_entry_lava, serial_shops, shop, lab_entry_generic,
          nicolae_lava_and_water, uniq_fannar
D:12:     serial_shops, nicolae_shop_window_shopping, uniq_josephine
D:13:     david_vaults_5, basic_altar, serial_bayou_pond_c,
          kennysheep_generic_room_11, uniq_nessos
D:14:     kennysheep_cross_room, basic_altar, uniq_azrael
D:15:     gammafunk_depths_entry_grave, hex_medium
Temple:   dpeg_five_rooms_temple_12
Lair:2:   grunt_megastairs_4
Lair:3:   guppyfry_lair_drakes
Lair:4:   minmay_swamp_entry_worms
Lair:5:   spider_nest_entry_webs
Lair:6:   slime_altar_2, lemuel_fruit_fields
Lair:7:   beast_lair_carwin_large_1, serial_bayou_shore_b
Lair:8:   due_jungle_book, bh_autumn_forest_stairs
Swamp:1:  hangedman_swamp_diagram
Swamp:2:  evilmike_swamp_ruin_house_5, nicolae_swamp_feature_on_the_river_bank
Swamp:3:  nicolae_swamp_stair_fork, infiniplex_staircase_pool
Swamp:4:  swamp_vile, uniq_mara
Spider:3: uniq_roxanne
Spider:4: grunt_spider_rune_island, uniq_arachne
Slime:5:  nicolae_slime_jelly_donut, basic_altar
Slime:6:  uniq_dissolution
Orc:1:    minmay_orc_temple_a
Orc:2:    grunt_orc_cross, portal_ice_cave_entry_pillars_03
Elf:1:    minmay_elf_arrival_circle, special_room, serial_shops, shop,
          minivault_28, david_defended_altar_elf, uniq_agnes, uniq_aizul
Elf:3:    grunt_elf_hall_spiral, serial_shops, nicolae_shop_crystal
Vaults:1: nicolae_vaults_little_squares_2, nicolae_vaults_diagonal_hallway_8,
          nicolae_vaults_hallways_thing, hangedman_vaults_snaps,
          hangedman_vaults_corner_blocks, nicolae_vaults_murderbox,
          nicolae_vaults_diagonal_hallway_7, ontoclasm_vaults_pinch,
          vaults_mumra_hex, ontoclasm_vaults_ring_small, hangedman_vaults_hat,
          vaults_room_fours, serial_shops, shop_statue
Vaults:2: vaults_room_door_ring, hangedman_vaults_trim,
          vaults_mumra_chevron_long, v_misc_25, v_pattern_2, sword_in_stone,
          vaults_room_pool, hangedman_vaults_slice, vaults_dpeg_hooks,
          hangedman_vaults_maws, hangedman_vaults_capsules,
          minmay_crypt_entry_simple_plaza, grunt_vaults_focal,
          hangedman_vaults_trim, serial_shops, nicolae_shop_stone
Lab:      labyrinth_hidden_loot, nicolae_lab_swirl, labyrinth_fake_exit,
          nicolae_lab_garden, lab_statue, nicolae_lab_dead_end, lab_hedge
Ossuary:  ossuary_crypta
IceCv:    ice_cave_small_necro

Skill      XL: |  1  2  3  4  5  6  7  8  9 10 11 12 13 14 15 16 17 18 19 20 |
---------------+-------------------------------------------------------------+-----
Long Blades    | 3 4 5 7 8 10 | 10.1
Dodging        | 2 3 4 5 6 7 8 9 10 | 10.2
Armour         | 2 3 4 5 6 7 8 9 10 11 12 13 14 | 14.6
Fighting       | 4 5 6 7 8 9 10 11 12 13 | 13.1
Evocations     | 1 4 5 8 |  8.5
Staves         | 4 9 11 14 16 19 | 19.0
Spellcasting   | 2 5 7 |  7.3
Charms         | 4 5 |  5.9
Necromancy     | 5 6 |  6.6
Hexes          | 1 3 |  3.3
Invocations    | 6 10 | 10.1

Action                   |  1- 3 |  4- 6 |  7- 9 | 10-12 | 13-15 | 16-18 | 19-21 || total
-------------------------+-------+-------+-------+-------+-------+-------+-------++-------
Melee: Falchion          |    61 |    16 |   181 |   240 |       |       |       ||   498
       Dagger            |       |    69 |    19 |       |       |       |       ||    88
       Lajatang          |       |       |       |   439 |  1017 |  1407 |   918 ||  3781
       Great sword       |       |       |       |    16 |       |       |       ||    16
 Cast: Regeneration      |       |       |       |       |       |    17 |    66 ||    83
       Spectral Weapon   |       |       |       |       |       |       |    15 ||    15
Invok: Berserk           |     2 |     4 |    10 |    22 |    19 |     7 |       ||    64
       Trog's Hand       |       |       |     5 |    40 |    57 |    43 |       ||   145
       Brothers in Arms  |       |       |       |     1 |     2 |     4 |       ||     7
       Burn Spellbooks   |       |       |       |       |     1 |       |       ||     1
       Lesser Servant of |       |       |       |       |       |     1 |     2 ||     3
       Greater Servant o |       |       |       |       |       |       |     2 ||     2
       Major Destruction |       |       |       |       |       |       |     1 ||     1
 Abil: Evoke Berserk Rag |       |       |       |       |       |     5 |       ||     5
Evoke: Wand              |       |       |    18 |    12 |     8 |     5 |    17 ||    60
       Lamp of fire      |       |       |       |     1 |     2 |     2 |     1 ||     6
       Sack of spiders   |       |       |       |       |     3 |     9 |     4 ||    16
       Rod               |       |       |       |       |       |       |     3 ||     3
       Deck              |       |       |       |       |       |       |     3 ||     3
  Use: Scroll            |       |     5 |     5 |    11 |    17 |    10 |    16 ||    64
       Potion            |       |       |       |       |     6 |    20 |    16 ||    42
 Stab: Distracted        |       |       |       |       |       |     2 |     1 ||     3
       Held in net/web   |       |       |       |       |       |     1 |       ||     1
       Invisible         |       |       |       |       |       |       |     2 ||     2
  Eat: Chunk             |     1 |     5 |    15 |    37 |    38 |     7 |     9 ||   112
       Pizza             |       |       |       |     1 |     6 |     3 |       ||    10
       Beef jerky        |       |       |       |     2 |       |     6 |       ||     8
       Royal jelly       |       |       |       |     1 |       |     1 |       ||     2
       Fruit             |       |       |       |       |     1 |    28 |    20 ||    49
